Map: Sandstorm CE

Players

vincent - Winner!

  • Race: Protoss Protoss
  • Spawn Location: 5:00

NesCafe - Winner!

  • Race: Terran Terran
  • League: Diamond
  • Spawn Location: 5:00

TerYmaX - Winner!

  • Race: Protoss Protoss
  • Spawn Location: 3:00

МАК

  • Race: Protoss Protoss
  • Spawn Location: 11:00

KiLLuMiNaTi

  • Race: Protoss Protoss
  • Spawn Location: 11:00

MAME

  • Race: Terran Terran
  • Spawn Location: 11:00

VOD

Have the link to the VOD?

Description

Time

  • Played on: April 5, 2024, 11:25 p.m.
  • Length: 16:56
Show
View Real Time Build Order
Export as new Build Order

vincent Protoss - Winner!

Build Orders: Nexus First 

Get SALT Encoding   

  12  0:01  Probe (Chrono Boost)  
  13  0:11  Probe (Chrono Boost)  
  14  0:20  Pylon  
  14  0:22  Probe  
  15  0:38  Probe  
  16  0:50  Probe  
  17  1:03  Nexus  
  17  1:09  Assimilator, Probe  
  18  1:19  Gateway  
  18  1:21  Probe (Chrono Boost)  
  19  1:27  Assimilator  
  19  1:33  Probe (Chrono Boost)  
  20  1:42  Probe (Chrono Boost)  
  21  1:47  Probe  
  22  2:00  Probe  
  23  2:13  Cybernetics Core  
  24  2:18  Probe x2 (Chrono Boost)  
  25  2:29  Probe x2 (Chrono Boost)  
  27  2:36  Probe (Chrono Boost)  
  29  2:37  Probe (Chrono Boost)  
  29  2:41  Probe  
  29  2:45  Probe  
  30  2:53  Stargate, Probe  
  30  2:56  Stargate  
  30  2:57  Probe  
  32  3:01  Pylon  
  32  3:08  Forge  
  32  3:09  Probe  
  32  3:10  Probe  
  34  3:21  Probe (Chrono Boost)  
  34  3:26  Probe (Chrono Boost)  
  36  3:33  Probe (Chrono Boost)  
  37  3:39  Probe (Chrono Boost)  
  39  3:41  Probe (Chrono Boost)  
  39  3:47  Nexus, Probe (Chrono Boost)  
  40  3:52  Probe (Chrono Boost)  
  41  4:01  Probe  
  41  4:02  Assimilator  
  46  4:03  Void Ray  
  46  4:04  Assimilator  
  46  4:08  Pylon  
  46  4:12  Pylon  
  46  4:16  Pylon  
  50  4:32  Void Ray  
  50  4:34  Pylon  
  40  5:04  Void Ray  
  40  5:13  Probe (Chrono Boost)  
  45  5:15  Void Ray  
  45  5:23  Probe (Chrono Boost)  
  45  5:24  Probe (Chrono Boost)  
  45  5:28  Probe (Chrono Boost)  
  46  5:32  Probe  
  48  5:38  Pylon  
  48  5:39  Probe  
  49  5:44  Cybernetics Core, Probe  
  50  5:51  Probe  
  52  5:58  Probe (Chrono Boost)  
  52  5:59  Probe (Chrono Boost)  
  53  6:11  Probe (Chrono Boost)  
  63  6:13  Probe (Chrono Boost)  
  63  6:15  Void Ray x2  
  63  6:16  Fleet Beacon, Probe (Chrono Boost)  
  64  6:20  Probe (Chrono Boost)  
  66  6:29  Probe (Chrono Boost)  
  66  6:31  Probe x2 (Chrono Boost)  
  68  6:37  Probe (Chrono Boost)  
  68  6:39  Probe (Chrono Boost)  
  71  6:40  Probe (Chrono Boost)  
  71  6:42  Probe (Chrono Boost)  
  72  6:47  Protoss Shields Level 1, Probe  
  72  6:51  Protoss Air Weapons Level 1  
  72  6:53  Probe  
  70  6:56  Protoss Air Armor Level 1  
  70  6:59  Probe  
  75  7:05  Void Ray, Probe  
  75  7:06  Flux Vanes  
  75  7:07  Void Ray  
  63  7:53  Void Ray x2  
  63  7:58  Twilight Council  
  63  8:01  Stargate  
  63  8:10  Stargate  
  63  8:18  Stargate  
  63  8:24  Pylon  
  63  8:29  Pylon  
  63  8:33  Pylon  
  63  8:36  Pylon  
  63  8:40  Pylon  
  63  8:47  Nexus  
  63  8:50  Assimilator  
  63  8:52  Assimilator  
  79  9:05  Void Ray x4  
  79  9:17  Protoss Air Weapons Level 2 (Chrono Boost)  
  79  9:23  Probe  
  80  9:29  Probe  
  81  9:32  Protoss Air Armor Level 2 (Chrono Boost)  
  81  9:35  Protoss Shields Level 2, Probe  
  82  9:41  Probe  
  83  9:47  Probe  
  88  9:54  Probe  
  88  9:55  Void Ray  
  88  9:59  Probe  
  90  10:06  Probe  
  95  10:08  Void Ray  
  95  10:11  Probe  
  96  10:18  Probe  
  97  10:23  Probe  
  106  10:32  Void Ray  
  106  10:33  Void Ray  
  110  10:35  Probe  
  110  10:39  Void Ray  
  115  11:33  Void Ray x5  
  115  12:02  Protoss Shields Level 3 (Chrono Boost)  
  115  12:07  Protoss Air Weapons Level 3 (Chrono Boost), Protoss Air Armor Level 3 (Chrono Boost)  
  115  12:20  Nexus  
  115  12:23  Assimilator  
  115  12:27  Assimilator  
  131  12:52  Void Ray x4  
  127  13:59  Void Ray x5  
  119  14:42  Void Ray x3  
  127  15:08  Void Ray (Chrono Boost)  
  127  15:10  Pylon  
  127  15:11  Void Ray (Chrono Boost)  
  127  15:13  Pylon  
  127  15:17  Pylon  
  139  15:23  Void Ray x2 (Chrono Boost)  
  135  15:32  Void Ray (Chrono Boost)  
  139  15:44  Void Ray x2 (Chrono Boost)  
  151  15:57  Nexus  
  151  15:58  Void Ray x2  
  155  16:08  Void Ray  
Show
View Real Time Build Order
Export as new Build Order

NesCafe Terran - Winner!

Build Orders:  

Get SALT Encoding   

  12  0:00  SCV  
  13  0:12  SCV  
  14  0:18  Supply Depot  
  14  0:24  SCV  
  15  0:40  SCV  
  15  0:41  Barracks  
  16  0:52  SCV, Refinery  
  17  1:04  SCV  
  18  1:16  SCV  
  19  1:28  Orbital Command  
  19  1:36  Barracks Reactor  
  19  1:45  Command Center  
  19  1:52  Supply Depot  
  19  1:58  SCV  
  20  2:10  SCV  
  20  2:12  Marine x2  
  20  2:14  Engineering Bay  
  23  2:22  SCV  
  24  2:25  Barracks  
  24  2:34  Barracks  
  24  2:40  Marine x2  
  26  2:46  SCV  
  26  2:50  Terran Infantry Weapons Level 1  
  27  2:58  Marine x2  
  29  3:08  SCV  
  29  3:09  Orbital Command  
  30  3:16  Barracks Tech Lab  
  30  3:17  Marine x2  
  32  3:21  SCV  
  32  3:22  Barracks Reactor  
  33  3:29  Supply Depot  
  33  3:35  Marine x2, SCV x2  
  33  3:41  Stimpack  
  37  3:42  Marine  
  37  3:47  SCV x2  
  40  3:59  Marine x2, SCV x2  
  40  4:00  Marine x2  
  46  4:05  Marine  
  46  4:09  Supply Depot  
  47  4:11  Missile Turret, SCV x2  
  47  4:14  Missile Turret  
  45  4:36  Missile Turret  
  41  4:45  SCV x2  
  43  4:54  Marine  
  43  4:55  Marine x4  
  47  5:12  Marine x2  
  47  5:13  Marine  
  46  5:20  Missile Turret  
  46  5:25  Factory  
  46  5:26  SCV x2  
  48  5:31  Command Center  
  48  5:32  Marine x5  
  53  5:39  Barracks  
  53  5:40  SCV  
  53  5:41  Barracks  
  54  5:45  SCV  
  55  5:56  Marauder  
  57  5:59  Marine x2  
  60  6:04  SCV x2  
  60  6:07  Refinery  
  60  6:08  Refinery  
  60  6:10  Refinery  
  61  6:12  Barracks Tech Lab  
  61  6:16  SCV  
  62  6:29  Barracks Tech Lab x2  
  62  6:43  Supply Depot, SCV x2, Starport  
  64  6:47  Marauder  
  64  6:48  Marauder x2  
  64  6:50  Marauder, Marine x2  
  74  6:55  SCV  
  75  7:05  SCV  
  75  7:07  SCV  
  77  7:09  Marauder x2  
  77  7:10  Marauder  
  77  7:12  Marauder  
  77  7:14  Supply Depot  
  85  7:28  Missile Turret  
  85  7:36  Marauder x3, SCV x2  
  93  7:39  Marine x2  
  92  7:48  SCV  
  93  7:54  Orbital Command  
  93  8:07  Missile Turret  
  93  8:17  Missile Turret  
  93  8:22  Terran Infantry Armor Level 1  
  93  8:27  Supply Depot  
  93  8:28  Medivac x2  
  93  8:29  Marauder x2  
  93  8:31  Supply Depot  
  93  8:33  Orbital Command  
  101  8:39  SCV  
  101  8:46  Marine  
  101  8:47  Marine, SCV  
  101  8:48  Marauder  
  101  8:49  Marauder  
  101  8:50  Marauder x2  
  101  8:51  SCV  
  105  8:58  Medivac x2  
  105  8:59  SCV x2  
  111  9:03  Missile Turret, SCV  
  111  9:04  Marine  
  111  9:05  Marine  
  116  9:10  Marauder  
  116  9:11  SCV  
  116  9:15  Supply Depot  
  117  9:19  Supply Depot  
  117  9:20  Marauder x3, SCV x2  
  125  9:25  Refinery  
  125  9:36  SCV x2, Medivac x2  
  125  9:37  Marauder  
  133  9:40  SCV, Marine x2  
  133  9:41  Marauder  
  138  9:48  SCV  
  139  9:52  SCV  
  139  9:58  Marine  
  141  10:27  Marine  
  141  10:45  Marine x2  
  141  10:59  Marauder x2  
  141  11:00  Medivac, Marauder x2  
  141  11:01  Medivac  
  141  11:03  Marine x2  
  118  11:12  SCV x3  
  121  11:20  Marauder x2, Refinery  
  121  11:21  Command Center, Marine x4  
  129  11:31  Barracks  
  129  11:32  Barracks  
  129  11:35  Barracks  
  129  11:36  Medivac x2  
  129  11:38  Marine x2, SCV  
  129  11:39  Marine  
  139  11:40  Marauder  
  139  11:42  Marauder  
  139  11:44  Barracks  
  141  11:49  Barracks  
  141  11:59  Engineering Bay  
  141  12:00  Armory  
  141  12:01  Barracks, Supply Depot x2  
  141  12:21  Medivac, Marine  
  141  12:22  Marine x5  
  141  12:23  Medivac  
  129  12:35  Marine x4  
  129  12:39  Marine x2  
  129  12:40  Marauder x2, Marine x2  
  98  12:53  Marine  
  98  12:56  Marine  
  98  12:58  Marauder, Marine x2  
  106  12:59  Barracks Tech Lab x2  
  106  13:00  Barracks Tech Lab x2  
  106  13:01  Marauder x2  
  106  13:02  Orbital Command, Barracks Tech Lab  
  107  13:07  Supply Depot x3  
  107  13:10  Liberator x2  
  113  13:15  Marauder  
  113  13:19  Marauder  
  119  13:20  Marauder x5  
  119  13:21  Barracks Tech Lab  
  119  13:22  Marine  
  119  13:23  Marauder x2, Marine  
  133  13:27  Supply Depot  
  133  13:36  Marauder  
  133  13:40  Marauder, Marine x2  
  141  13:41  Marauder x3  
  141  13:42  Marauder x2  
  141  13:44  Marauder x2  
  153  13:53  Medivac x2, Marauder  
  159  13:58  Marine x2, Marauder  
  159  14:02  Marauder  
  167  14:03  Marauder x5  
  167  14:06  Marauder x2  
  179  14:14  Marauder  
  179  14:16  Marine x2  
  183  14:19  Marauder  
  183  14:23  Marauder  
  183  14:27  Marauder  
  189  14:31  Marauder x3  
  189  14:32  Marauder x3  
  189  14:34  Medivac  
  199  14:45  Marauder  
  195  14:47  Marauder x2  
  199  15:20  Marine  
  188  16:06  Marine x2, Marauder x4  
  193  16:32  Marauder x3  
Show
View Real Time Build Order
Export as new Build Order

TerYmaX Protoss - Winner!

Build Orders: 1 Gate Expand, Oracle Opening, Carriers, Mass Phoenix 

Get SALT Encoding   

  12  0:00  Probe  
  13  0:12  Probe  
  14  0:21  Pylon  
  14  0:26  Probe (Chrono Boost)  
  15  0:40  Probe (Chrono Boost)  
  15  0:41  Gateway  
  16  0:46  Probe (Chrono Boost)  
  17  0:50  Assimilator  
  17  1:01  Probe  
  18  1:18  Probe  
  19  1:26  Nexus  
  19  1:34  Probe  
  20  1:46  Probe (Chrono Boost)  
  21  1:48  Pylon  
  21  1:54  Cybernetics Core  
  21  1:57  Probe (Chrono Boost)  
  22  2:02  Assimilator  
  22  2:06  Probe (Chrono Boost)  
  24  2:16  Probe (Chrono Boost)  
  24  2:21  Probe (Chrono Boost)  
  24  2:24  Assimilator  
  25  2:32  Probe  
  25  2:35  Stargate  
  26  2:38  Adept (Chrono Boost)  
  28  2:47  Probe  
  29  3:01  Probe  
  29  3:05  Probe  
  31  3:13  Probe  
  31  3:17  Probe  
  33  3:26  Probe  
  34  3:27  Oracle  
  34  3:29  Stargate, Probe  
  38  3:37  Assimilator  
  38  3:38  Probe (Chrono Boost)  
  39  3:42  Stargate  
  39  3:44  Probe (Chrono Boost)  
  41  3:50  Probe (Chrono Boost)  
  41  3:53  Probe (Chrono Boost)  
  42  3:55  Probe (Chrono Boost)  
  42  3:58  Probe (Chrono Boost)  
  44  4:04  Probe  
  45  4:10  Probe  
  46  4:17  Protoss Air Weapons Level 1  
  46  4:19  Pylon  
  46  4:31  Nexus  
  46  4:36  Phoenix x2  
  46  4:37  Probe x2  
  52  4:47  Phoenix  
  52  4:52  Pylon  
  54  4:53  Pylon  
  54  5:09  Forge  
  54  5:12  Pylon  
  54  5:30  Probe x2 (Chrono Boost), Phoenix x2  
  60  5:41  Probe (Chrono Boost)  
  60  5:42  Probe (Chrono Boost)  
  62  5:43  Phoenix  
  62  5:46  Probe x2 (Chrono Boost)  
  62  5:47  Probe (Chrono Boost)  
  67  5:50  Pylon  
  67  5:55  Phoenix x2  
  67  5:56  Probe x3  
  74  6:08  Probe x2 (Chrono Boost)  
  74  6:09  Fleet Beacon, Probe (Chrono Boost)  
  77  6:11  Pylon  
  77  6:13  Pylon  
  77  6:19  Assimilator  
  77  6:20  Probe (Chrono Boost)  
  77  6:21  Probe x2 (Chrono Boost)  
  77  6:23  Phoenix  
  77  6:24  Assimilator, Phoenix  
  84  6:28  Photon Cannon  
  84  6:29  Phoenix  
  83  6:48  Phoenix  
  83  6:49  Oracle  
  88  6:54  Stargate, Phoenix  
  88  7:00  Probe  
  88  7:01  Cybernetics Core, Probe x2  
  93  7:04  Protoss Air Armor Level 1 (Chrono Boost)  
  89  7:26  Probe  
  96  7:43  Phoenix x3  
  100  7:50  Probe  
  101  7:53  Photon Cannon  
  101  7:54  Pylon  
  101  7:57  Phoenix, Probe  
  98  8:00  Protoss Shields Level 1  
  98  8:01  Probe  
  98  8:02  Probe  
  98  8:04  Pylon  
  100  8:08  Pylon  
  100  8:09  Probe  
  101  8:13  Probe  
  101  8:14  Probe  
  103  8:21  Probe  
  103  8:23  Protoss Air Weapons Level 2 (Chrono Boost)  
  103  8:25  Probe  
  105  8:37  Nexus, Assimilator  
  105  8:39  Unknown  
  105  8:40  Assimilator  
  105  8:44  Phoenix  
  105  8:45  Oracle, Phoenix  
  105  8:46  Phoenix  
  105  8:47  Probe x2  
  116  8:54  Probe  
  117  8:59  Probe x2  
  119  9:06  Probe  
  119  9:08  Pylon  
  119  9:09  Pylon, Phoenix  
  122  9:10  Phoenix  
  122  9:12  Pylon  
  122  9:14  Stargate  
  124  9:17  Stargate  
  124  9:23  Protoss Air Armor Level 2 (Chrono Boost)  
  124  9:26  Probe, Phoenix x2  
  124  9:27  Pylon  
  124  9:30  Pylon  
  126  9:34  Anion Pulse-Crystals (Chrono Boost), Phoenix  
  130  9:42  Probe  
  130  9:44  Pylon  
  131  9:57  Void Ray  
  131  10:00  Carrier  
  131  10:02  Probe x2  
  131  10:03  Probe x2  
  141  10:12  Carrier  
  147  10:17  Nexus, Carrier, Assimilator  
  147  10:20  Pylon  
  153  10:22  Assimilator  
  153  10:24  Photon Cannon  
  153  10:25  Photon Cannon  
  153  10:27  Photon Cannon  
  153  10:31  Flux Vanes  
  153  10:45  Carrier x2  
  163  11:02  Carrier  
  169  11:04  Carrier  
  173  11:31  Probe  
  174  11:42  Carrier x2  
  186  11:49  Carrier  
  190  12:29  Protoss Air Weapons Level 3  
  190  12:30  Protoss Air Armor Level 3  
  177  12:48  Assimilator  
  177  12:49  Nexus  
  165  12:53  Assimilator  
  165  12:55  Carrier (Chrono Boost)  
  165  12:56  Carrier x4 (Chrono Boost), Pylon  
  189  13:01  Carrier (Chrono Boost)  
  195  14:32  Photon Cannon  
  195  14:33  Photon Cannon  
  195  14:58  Stargate  
  195  15:00  Stargate x2  
  195  15:01  Stargate  
  187  15:52  Oracle x3  
Show
View Real Time Build Order
Export as new Build Order

МАК Protoss 

Build Orders: Nexus First, Dark Templar Rush 

Get SALT Encoding   

  12  0:09  Probe (Chrono Boost)  
  13  0:20  Pylon  
  14  0:21  Probe (Chrono Boost)  
  14  0:26  Probe (Chrono Boost)  
  15  0:39  Probe  
  16  1:00  Nexus  
  16  1:09  Probe (Chrono Boost)  
  17  1:16  Assimilator  
  18  1:19  Probe (Chrono Boost)  
  18  1:21  Assimilator  
  18  1:24  Probe (Chrono Boost)  
  19  1:42  Gateway  
  19  1:46  Probe  
  20  1:55  Gateway  
  20  1:58  Probe  
  21  2:10  Probe  
  21  2:12  Probe  
  23  2:24  Probe x2  
  25  2:32  Cybernetics Core  
  25  2:36  Probe x2  
  27  2:48  Probe  
  27  2:49  Probe  
  29  3:01  Probe x2  
  29  3:03  Warp Gate (Chrono Boost)  
  31  3:13  Probe x2  
  31  3:19  Twilight Council  
  33  3:23  Gateway  
  33  3:25  Gateway, Probe x2  
  35  3:28  Pylon  
  35  3:35  Assimilator  
  35  3:37  Assimilator, Probe x2  
  35  3:40  Pylon  
  37  3:49  Probe x2  
  39  3:58  Dark Shrine  
  39  4:01  Probe (Chrono Boost)  
  40  4:10  Blink (Chrono Boost)  
  40  4:13  Probe (Chrono Boost)  
  42  4:17  Probe (Chrono Boost)  
  42  4:20  Probe (Chrono Boost)  
  44  4:24  Pylon, Probe (Chrono Boost)  
  44  4:26  Pylon  
  44  4:29  Pylon  
  44  4:31  Pylon  
  44  4:52  Nexus  
  44  4:55  Pylon  
  44  4:58  Pylon  
  44  5:11  Dark Templar x4  
  52  5:20  Gateway  
  52  5:23  Gateway  
  52  5:27  Gateway  
  52  5:30  Probe  
  52  5:31  Probe  
  54  5:43  Probe x2  
  54  5:47  Stalker x4  
  64  5:55  Probe  
  64  5:56  Pylon, Probe (Chrono Boost)  
  66  5:58  Pylon, Charge (Chrono Boost)  
  66  6:06  Probe (Chrono Boost)  
  67  6:15  Stalker x4  
  67  6:17  Probe (Chrono Boost)  
  77  6:20  Probe (Chrono Boost)  
  79  6:27  Probe x2 (Chrono Boost)  
  79  6:28  Probe (Chrono Boost)  
  79  6:32  Stalker x3  
  86  6:33  Probe x3 (Chrono Boost)  
  89  6:44  Probe  
  89  6:45  Probe x2  
  88  6:51  Stalker  
  88  6:52  Stalker x3  
  94  6:55  Assimilator  
  94  6:59  Assimilator  
  78  7:36  Templar Archives  
  70  7:45  Zealot x5  
  70  7:46  Zealot x2  
  84  8:06  Forge, Stalker x7  
  84  8:09  Forge  
  84  8:11  Forge  
  84  8:12  Nexus  
  98  8:14  Gateway  
  98  8:19  Gateway  
  61  8:53  Probe (Chrono Boost)  
  61  8:54  Psionic Storm  
  61  8:55  Probe (Chrono Boost)  
  49  8:57  Probe (Chrono Boost)  
  49  8:58  Stalker x6  
  49  8:59  Stalker  
  65  9:03  Probe (Chrono Boost)  
  65  9:05  Probe x2 (Chrono Boost)  
  65  9:09  Probe (Chrono Boost)  
  68  9:10  Protoss Shields Level 1 (Chrono Boost), Protoss Ground Armor Level 1 (Chrono Boost), Protoss Ground Weapons Level 1 (Chrono Boost), Probe x2 (Chrono Boost)  
  70  9:20  Probe (Chrono Boost)  
  70  9:22  High Templar x5  
  70  9:23  High Templar, Probe (Chrono Boost)  
  85  9:25  Probe (Chrono Boost)  
  87  9:31  Probe (Chrono Boost)  
  87  9:32  Probe (Chrono Boost)  
  87  9:35  Archon x3, Assimilator  
  87  9:36  Assimilator  
  87  9:39  Probe (Chrono Boost)  
  87  9:40  Probe (Chrono Boost)  
  87  9:43  Stalker x3  
  87  9:44  Probe (Chrono Boost)  
  95  9:46  Probe  
  94  9:56  Probe  
  94  9:57  Stalker x6  
  94  9:58  Probe  
  108  10:08  Pylon  
  108  10:13  Pylon  
  108  10:14  Stalker x3  
  110  10:16  Pylon  
  110  10:19  Probe (Chrono Boost)  
  117  10:29  Probe (Chrono Boost)  
  117  10:31  Probe (Chrono Boost)  
  117  10:34  Probe (Chrono Boost)  
  117  10:35  Dark Templar x3  
  114  10:39  Probe  
  114  10:44  Photon Cannon  
  114  10:46  Probe  
  114  10:47  Photon Cannon  
  107  10:50  Protoss Ground Weapons Level 2 (Chrono Boost)  
  107  10:51  Probe  
  106  10:58  Probe  
  106  11:01  Protoss Shields Level 2 (Chrono Boost), Protoss Ground Armor Level 2 (Chrono Boost)  
  106  11:03  Probe  
  100  11:24  Probe (Chrono Boost)  
  101  11:32  Probe (Chrono Boost)  
  103  11:33  Probe (Chrono Boost)  
  103  11:34  Stalker x7  
  103  11:35  Stalker  
  103  11:38  Probe (Chrono Boost)  
  120  11:40  Probe (Chrono Boost)  
  121  11:50  Probe (Chrono Boost)  
  123  11:56  Probe (Chrono Boost)  
  123  11:57  Probe (Chrono Boost)  
  114  12:03  Probe (Chrono Boost)  
  114  12:05  Stalker  
  114  12:06  Stalker x4  
  114  12:07  Stalker  
  114  12:08  Probe (Chrono Boost)  
  129  12:10  Probe (Chrono Boost)  
  129  12:13  Probe (Chrono Boost)  
  130  12:17  Probe (Chrono Boost)  
  130  12:18  Probe (Chrono Boost)  
  130  12:22  Zealot x3  
  136  12:28  Probe (Chrono Boost)  
  140  12:35  Probe (Chrono Boost)  
  140  12:37  Probe (Chrono Boost)  
  137  12:43  Probe  
  108  12:55  Stalker x3, Probe  
  108  12:56  Stalker x6  
  89  13:14  Probe (Chrono Boost)  
  82  13:24  Probe (Chrono Boost)  
  73  13:27  High Templar  
  73  13:28  High Templar x6, Probe (Chrono Boost)  
  73  13:29  High Templar x2  
  92  13:37  Archon  
  92  13:38  Archon x3  
  92  13:40  Probe  
  93  13:50  Protoss Ground Weapons Level 3  
  93  13:51  Protoss Ground Armor Level 3  
  93  13:55  Probe (Chrono Boost)  
  93  14:00  High Templar x2  
  93  14:01  High Templar x5  
  93  14:02  High Templar x2  
  99  14:05  Archon x3, Probe (Chrono Boost)  
  99  14:06  Archon x2  
  90  14:10  Probe (Chrono Boost)  
  91  14:22  Probe  
Show
View Real Time Build Order
Export as new Build Order

KiLLuMiNaTi Protoss 

Build Orders: Zealot Archon, Dark Templar Rush 

Get SALT Encoding   

  12  0:02  Probe  
  13  0:14  Probe  
  14  0:24  Pylon  
  14  0:26  Probe  
  15  0:30  Assimilator  
  15  0:42  Probe  
  16  0:46  Gateway  
  16  0:54  Assimilator  
  16  0:55  Probe (Chrono Boost)  
  17  1:05  Probe (Chrono Boost)  
  17  1:10  Probe (Chrono Boost)  
  19  1:22  Probe (Chrono Boost)  
  20  1:28  Probe (Chrono Boost)  
  21  1:34  Cybernetics Core  
  21  1:36  Probe  
  22  1:41  Gateway  
  22  1:49  Probe  
  23  1:54  Pylon  
  23  2:10  Warp Gate  
  23  2:14  Twilight Council  
  23  2:19  Robotics Facility  
  23  2:32  Gateway  
  23  2:50  Charge (Chrono Boost)  
  23  2:54  Dark Shrine  
  23  3:06  Gateway  
  23  3:07  Warp Prism (Chrono Boost)  
  25  3:24  Gateway  
  25  3:27  Pylon  
  25  3:34  Pylon  
  25  3:41  Pylon  
  25  4:17  Dark Templar x3  
  27  4:18  Dark Templar  
  33  4:40  Dark Templar  
  29  5:01  Dark Templar  
  29  5:02  Zealot  
  29  5:03  Zealot x2  
  23  5:43  Dark Templar  
  23  5:44  Dark Templar  
  23  5:48  Archon  
  27  6:08  Forge x2  
  27  6:09  Nexus  
  27  6:13  Pylon  
  27  6:17  Assimilator  
  27  6:19  Assimilator  
  27  6:20  Pylon  
  27  6:24  Pylon  
  27  6:43  Probe  
  28  6:53  Photon Cannon  
  28  6:55  Probe  
  29  7:04  Shield Battery  
  29  7:07  Photon Cannon  
  29  7:10  Photon Cannon  
  29  7:14  Photon Cannon, Probe  
  30  7:26  Probe  
  30  7:28  Probe  
  32  7:36  Protoss Ground Weapons Level 1 (Chrono Boost)  
  32  7:38  Protoss Ground Armor Level 1 (Chrono Boost), Probe  
  33  7:46  Shadow Stride (Chrono Boost)  
  33  8:06  Probe  
  33  8:11  Probe  
  35  8:18  Probe  
  36  8:23  Probe  
  37  8:30  Probe  
  38  8:41  Dark Templar  
  38  8:42  Dark Templar x3  
  38  8:44  Dark Templar  
  38  8:46  Archon x2  
  48  8:58  Warp Prism  
  50  9:27  Dark Templar x2  
  50  9:28  Dark Templar  
  56  9:31  Archon  
  56  9:49  Dark Templar x2  
  60  10:00  Pylon  
  60  10:05  Archon  
  60  10:06  Dark Templar  
  62  10:08  Dark Templar  
  62  10:11  Archon  
  62  10:13  Archon  
  64  10:24  Dark Templar x2  
  64  10:26  Zealot  
  61  10:49  Dark Templar  
  63  10:50  Dark Templar x2  
  57  11:29  Zealot x3  
  57  11:30  Zealot  
  65  11:44  Nexus  
  65  11:47  Assimilator  
  65  11:49  Assimilator  
  65  11:54  Zealot x3  
  65  11:55  Pylon  
  29  12:38  Zealot  
  29  12:39  Zealot x3  
  37  12:59  Probe  
  38  13:11  Dark Shrine, Probe  
  39  13:15  Zealot  
  39  13:16  Zealot x3  
  47  13:51  Gateway  
  47  13:53  Gateway  
  47  13:58  Pylon  
  47  14:04  Stalker x4  
  55  14:46  Dark Templar x3  
  55  14:47  Dark Templar x3  
  67  14:55  Forge x2  
  67  15:02  Archon x4, Pylon  
  67  15:19  Stalker x5  
  67  15:20  Stalker  
  77  15:44  Dark Templar x5  
  77  15:45  Dark Templar  
Show
View Real Time Build Order
Export as new Build Order

MAME Terran 

Build Orders: Reaper Expand 

Get SALT Encoding   

  12  0:00  SCV  
  13  0:13  SCV  
  14  0:18  Supply Depot  
  14  0:25  SCV  
  15  0:39  SCV  
  15  0:41  Barracks  
  16  0:46  Refinery  
  16  0:51  SCV  
  17  1:03  SCV  
  18  1:16  SCV  
  19  1:31  Orbital Command  
  19  1:32  Reaper  
  20  1:45  Command Center  
  20  1:57  Supply Depot  
  20  2:00  SCV  
  21  2:04  Marine  
  22  2:15  Factory  
  22  2:18  SCV  
  23  2:24  Refinery  
  23  2:30  SCV  
  23  2:33  Barracks Reactor  
  24  2:42  SCV  
  25  2:46  Supply Depot  
  25  2:54  SCV  
  26  3:03  Cyclone  
  28  3:06  SCV  
  28  3:09  Supply Depot  
  29  3:13  Orbital Command  
  29  3:15  Starport  
  29  3:16  Refinery  
  29  3:19  Marine  
  30  3:25  Marine  
  31  3:30  SCV  
  32  3:35  Supply Depot  
  32  3:40  Factory Tech Lab  
  32  3:42  SCV  
  32  3:43  SCV  
  34  3:50  Marine x2  
  34  3:54  Medivac  
  38  3:59  Widow Mine  
  38  4:01  SCV x2  
  42  4:13  Barracks, SCV x2  
  44  4:18  Barracks, Marine  
  44  4:23  Widow Mine  
  47  4:35  SCV x2  
  49  4:38  Marine  
  49  4:39  Marine  
  49  4:41  Starport Tech Lab  
  51  4:45  Supply Depot  
  51  4:47  SCV x2  
  53  4:53  Siege Tank  
  53  4:56  Marine x2  
  53  4:57  Refinery  
  53  4:59  SCV x2  
  60  5:07  Barracks Reactor  
  60  5:11  SCV x2  
  62  5:17  Stimpack  
  62  5:18  Marine x2  
  64  5:23  SCV  
  64  5:27  Marine  
  66  5:30  Siege Tank  
  66  5:35  Supply Depot x2  
  69  5:43  SCV x2  
  69  5:44  Marine  
  69  5:45  Marauder, Marine  
  69  5:49  Command Center  
  73  6:03  Marine x4  
  73  6:10  SCV, Engineering Bay  
  73  6:11  SCV, Engineering Bay  
  73  6:16  Marine  
  74  6:22  Marine x4  
  78  6:26  Barracks  
  78  6:29  Barracks, Supply Depot  
  78  6:30  Supply Depot  
  78  6:34  Marine  
  79  6:40  Marine x4  
  83  6:53  Terran Infantry Weapons Level 1, Terran Infantry Armor Level 1  
  83  6:55  Armory  
  83  6:56  Combat Shield  
  83  6:58  Supply Depot  
  83  7:00  Orbital Command  
  83  7:02  Supply Depot  
  83  7:04  SCV  
  83  7:05  SCV  
  85  7:12  Marine  
  85  7:13  Marine x2  
  88  7:23  Starport Reactor  
  85  7:34  Marine  
  85  7:35  Marine x5  
  85  7:36  Marine  
  87  7:42  SCV x3  
  79  7:51  Barracks  
  79  7:52  Marine  
  79  7:53  Barracks  
  79  7:55  Missile Turret  
  79  7:58  Missile Turret  
  80  8:00  Missile Turret  
  80  8:03  Refinery  
  80  8:05  Barracks Reactor x2  
  80  8:06  Refinery  
  80  8:09  Terran Vehicle And Ship Armor Level 1  
  80  8:10  Marine x3  
  80  8:11  Marine x2  
  85  8:15  Concussive Shells  
  85  8:20  Thor  
  85  8:24  Command Center  
  91  8:28  Marine x4  
  91  8:31  Medivac  
  91  8:32  Medivac  
  99  8:41  Marine x2  
  100  8:44  SCV x3  
  104  8:53  Barracks Reactor x2  
  104  8:54  Marine x3  
  104  8:55  Terran Infantry Weapons Level 2  
  105  8:56  Terran Infantry Armor Level 2, SCV x3  
  108  9:04  Marine x4  
  112  9:13  Medivac x2  
  116  9:18  Marine x4  
  116  9:22  SCV x3  
  123  9:37  Planetary Fortress, Sensor Tower  
  123  9:40  Marine  
  123  9:41  Marine x5  
  123  9:42  Medivac, Marine  
  123  9:43  Medivac  
  134  9:47  Thor  
  139  10:07  SCV x3  
  139  10:08  Refinery  
  139  10:12  Medivac  
  139  10:13  Medivac  
  139  10:14  Marine x10  
  156  10:26  Command Center  
  156  10:38  Supply Depot  
  156  10:40  Supply Depot  
  156  10:41  Marine  
  156  10:42  SCV  
  156  10:43  Marine  
  156  10:44  Marine x3  
  156  10:45  SCV, Medivac  
  156  10:49  Marine, SCV  
  156  10:51  Marine, SCV  
  156  10:52  Marine  
  156  10:53  Marine  
  156  10:54  Marine  
  156  10:55  Medivac  
  141  11:04  Marine  
  141  11:05  Marine x7  
  141  11:07  Marine  
  141  11:09  Marine  
  141  11:10  Marine  
  148  11:11  Marine  
  148  11:12  Marine  
  129  11:22  Marine  
  129  11:23  Marine x7  
  129  11:25  Marine  
  118  11:27  Marine  
  118  11:28  Marine  
  118  11:29  Marine  
  118  11:30  Marine  
  118  11:31  Terran Infantry Armor Level 3, Terran Infantry Weapons Level 3  
  110  11:39  Orbital Command  
  110  11:40  Marine x2  
  110  11:42  SCV x2  
  110  11:43  SCV x2  
  110  11:46  Missile Turret  
  116  11:51  Terran Vehicle And Ship Armor Level 2  
  116  11:54  Marine, SCV x2  
  116  11:55  Marine x3  
  122  12:07  Command Center, Marine x5  
  122  12:08  Marine  
  128  12:29  Marine  
  128  12:35  Marine  
  128  12:36  Marine x9  
  123  12:41  Marine  
  123  12:42  Marine  
  101  12:47  Marine  
  102  12:53  Marine  
  102  12:54  Marine x8, Refinery  
  109  13:00  Command Center  
  109  13:01  Marine  
  109  13:05  Marine x3  
  102  13:11  Marine  
  102  13:12  Marine x8  
  106  13:13  Barracks, Widow Mine  
  106  13:14  Drilling Claws  
  106  13:19  Marine  
  109  13:22  Marine  
  109  13:23  Marine x2  
  111  13:29  Marine x7  
  111  13:30  Marine x2  
  102  13:37  Marine  
  102  13:40  Marine  
  102  13:41  Marine x2  
  98  13:47  Marine x2  
Tags
 
Add a new tag
Caveats
  • Supply blocks, unpowered buildings, or Contaminate may cause inaccurate times.
  • Supply counts are checked every 10 seconds.